 Dungeon Crawl Stone Soup version 0.28-a0-1406-ga8dd43b1d0 (webtiles) character file.

Game seed: 10081194359420991833

436 Lekart the Skirmisher (level 6, -1/56 HPs)
             Began as a Draconian Fighter on Jan 6, 2022.
             Was an Initiate of the Shining One.
             Slain by an orc warrior (16 damage)
             ... on level 5 of the Dungeon.
             The game lasted 00:04:31 (4311 turns).

Lekart the Skirmisher (Draconian Fighter)           Turns: 4311, Time: 00:04:32

Health: -1/56      AC:  6    Str: 13    XL:     6   Next: 68%
Magic:  7/7        EV: 12    Int: 11    God:    the Shining One [......]
Gold:   174        SH:  5    Dex: 12    Spells: 5/5 levels left

rFire   . . .      SeeInvis .   a - +0 long sword
rCold   . . .      Faith    .   b - +0 buckler
rNeg    + + .      Spirit   .   (armour unavailable)
rPois   .          Reflect  .   (helmet restricted)
rElec   +          Harm     .   (no cloak)
rCorr   .          Rampage  .   (no gloves)
Will    .....                   (no boots)
Stlth   +.........              n - amulet "Peproaw" {rElec rN++ Regen+ Str-5 Int+2}
HPRegen 0.98/turn               (no ring)
MPRegen 0.10/turn               (no ring)

@: mighty, glowing
A: AC +6, unfitting armour, cold-blooded
a: Renounce Religion


You were on level 5 of the Dungeon.
You worshipped the Shining One.
The Shining One was noncommittal.
You visited 1 branch of the dungeon, and saw 5 of its levels.

You collected 174 gold pieces.

Inventory:

Hand Weapons
 a - a +0 long sword (weapon)
Armour
 b - a +0 buckler (worn)
Jewellery
 h - a ring of ice
 n - the amulet "Peproaw" (around neck) {rElec rN++ Regen+ Str-5 Int+2}
   (You found it on level 4 of the Dungeon)

   [amulet of regeneration]

   Str:       It affects your strength (-5).
   Int:       It affects your intelligence (+2).
   rElec:     It insulates you from electricity.
   rN:        It greatly protects you from negative energy.
   Regen:     It increases your rate of health regeneration.
Scrolls
 d - 2 scrolls of brand weapon {unknown}
 e - 2 scrolls of noise {unknown}
 f - a scroll of summoning {unknown}
 g - 4 scrolls of identify {unknown}
 i - a scroll of immolation {unknown}
 l - 2 scrolls of magic mapping {unknown}
Potions
 c - 2 potions of might
 j - a potion of mutation {unknown}
 k - 2 potions of flight {unknown}
 m - a potion of degeneration {unknown}
 o - a potion of cancellation {unknown}
 q - a potion of haste {unknown}


   Skills:
 * Level 5.1 Fighting
 + Level 4.2 Long Blades
 + Level 0.1 Throwing
 + Level 3.8 Dodging
 + Level 1.2 Stealth
 + Level 3.9 Shields
 * Level 1.6 Invocations


You had 5 spell levels left.
You didn't know any spells.
Your spell library contained the following spells:

 Spells                   Type           Power      Damage    Failure   Level
 Tukima's Dance           Hex            0%         N/A       80%         3
 Passage of Golubria      Tloc           0%         N/A       99%         4
 Yara's Violent Unravell  Hex/Tmut       0%         3d3       100%        5


Dungeon Overview and Level Annotations

Branches:
Dungeon (5/15)
 Temple: D:4-7

Altars:
Ru
The Shining One

Shops:
D:2 [*[[(   D:4 (


Innate Abilities, Weirdness & Mutations

Your plain brown scales are hard. (AC +6)
You cannot fit into any form of body armour.
You are cold-blooded and may be slowed by cold attacks.


Message History

You slash the orc warrior!
The orc warrior is heavily wounded.
The orc warrior closely misses you.
You barely miss the orc warrior.
The orc warrior is heavily wounded.
The orc warrior misses you.
You barely miss the orc warrior.
The orc warrior is heavily wounded.
The orc wizard casts a spell.
The orc wizard flickers and vanishes!
Deactivating autopickup; reactivate with Ctrl-A.
You block the orc warrior's attack.
You hit the orc warrior.
The orc warrior is heavily wounded.
The orc warrior hits you with a +0 dire flail!
A gnoll comes into view. It is wielding a +0 halberd.
The orc warrior misses you.
You hit the orc warrior.
The orc warrior is heavily wounded.
The orc warrior hits you with a +0 dire flail!!
You barely miss the orc warrior.
The orc warrior is heavily wounded.
The orc warrior hits you but does no damage.
You barely miss the orc warrior.
The orc warrior is heavily wounded.
You block the orc warrior's attack.
A gnoll comes into view. It is wielding a +0 whip.
The gnoll shouts!
You hit the orc warrior but do no damage.
The orc warrior is heavily wounded.
The orc warrior hits you with a +0 dire flail!!
* * * LOW HITPOINT WARNING * * *
You slash the orc warrior!
The orc warrior is almost dead.
The orc warrior closely misses you.
A scorpion comes into view.
You hit the orc warrior but do no damage.
The orc warrior is almost dead.
The orc warrior hits you with a +0 dire flail!
You die...

###### #....# #####
#....# #...# #....#
#.[.# #....# #...#
#(...# #...#
#....####...#
.#######...)#......#
.sg{goo@...).......#
.(og#########.....#####.
. ...............
#########.##### #..#
##.#### #..... #.....
##.....


You could see an orc warrior, a gnoll shaman, a scorpion, 2 gnolls and 2 orcs.

Vanquished Creatures
  A bullfrog (D:5)
  A wyvern skeleton (D:4)
  A bullfrog zombie (D:3)
  2 iguanas
  An orc priest (D:5)
  3 orc wizards
  7 adders
  An adder skeleton (D:4)
  A dart slug (D:2)
  7 orcs
  3 endoplasms
  5 giant cockroaches
  5 goblins
  7 hobgoblins
  3 jackals
  7 kobolds
  3 quokkas
  3 ball pythons
  2 bats
  3 frilled lizards (D:1)
  A rat (D:2)
67 creatures vanquished.

Notes
Turn   | Place    | Note
-------+----------+-------------------------------------------
     0 | D:1      | Lekart the Draconian Fighter began the quest for the Orb.
     0 | D:1      | Reached XP level 1. HP: 19/19 MP: 1/1
   395 | D:1      | Reached XP level 2. HP: 8/26 MP: 2/2
  1009 | D:1      | Found a faded altar of an unknown god.
  1150 | D:2      | Found Webi's Armour Emporium.
  1152 | D:2      | Found Oqeodun's Armour Emporium.
  1280 | D:2      | Reached XP level 3. HP: 33/33 MP: 3/3
  1296 | D:2      | Found Uguivono's Weapon Shoppe.
  1599 | D:2      | Found Doetid's Assorted Antiques.
  1713 | D:2      | Found Zied's Armour Boutique.
  2046 | D:3      | Reached skill level 4 in Fighting
  2046 | D:3      | Reached skill level 1 in Stealth
  2046 | D:3      | Reached XP level 4. HP: 22/40 MP: 4/4
  2943 | D:3      | Found a sacrificial altar of Ru.
  2951 | D:3      | Found a glowing golden altar of the Shining One.
  3118 | D:3      | Became a worshipper of the Shining One
  3142 | D:4      | Found Wuacum's Weapon Shoppe.
  3210 | D:4      | Reached XP level 5. HP: 17/47 MP: 5/5
  3802 | D:4      | Reached skill level 1 in Invocations
  3813 | D:4      | Identified the amulet "Peproaw" {rElec rN++ Regen+ Str-5
                  | Int+2}
  4129 | D:5      | Entered Level 5 of the Dungeon
  4143 | D:5      | Reached XP level 6. HP: 39/53 MP: 6/6
  4258 | D:5      | Reached skill level 5 in Fighting
  4291 | D:5      | Noticed a sky beast
  4293 | D:5      | Noticed an orc warrior
  4311 | D:5      | Slain by an orc warrior

Illustrated notes

Levels and vault maps discovered:
D:1:      matt_arrival_los_fun, layout_rooms, chequers_ecumenical_altar_grove
D:2:      layout_basic, serial_shops, shop, nicolae_shop_statue_plus,
          nicolae_shop_trees, shop, shop
D:3:      layout_rooms, amethyst_overflow_temple_binary
D:4:      layout_gridville, serial_shops, shop
D:5:      layout_basic, minmay_misc_feat_encased

Skill      XL: |  1  2  3  4  5  6 |
---------------+-------------------+-----
Dodging        | 3 |  3.8
Fighting       | 4 5 |  5.1
Stealth        | 1 |  1.2
Long Blades    | 3 4 |  4.2
Invocations    | 1 |  1.6
Throwing       | |  0.1
Shields        | |  3.9

Action                   |  1- 3 |  4- 6 || total
-------------------------+-------+-------++-------
Melee: Long sword        |    90 |   171 ||   261
       Tailslap          |     6 |    23 ||    29
Throw: Javelin           |       |     6 ||     6
  Use: Potion            |       |     1 ||     1
 Stab: Sleeping          |     1 |       ||     1
Armor: Skin              |    27 |    71 ||    98
Dodge: Dodged            |    49 |   154 ||   203
Block: Buckler           |    14 |    35 ||    49

Table legend: (Time is in decaauts)
 A = Elapsed time spent in this place.
 B = Non-inter-level travel time spent in this place.
 C = Inter-level travel time spent in this place.
 D = Time resting spent in this place.
 E = Time spent auto-exploring this place.
 F = Levels seen in this place.
 G = Mean time per level.
                   A        B        C        D        E       F      G
               +--------+--------+--------+--------+--------+-----+--------+
         Total |   4390 |   4328 |     62 |   1156 |   2464 |   5 |  878.0 |
       Dungeon |   4390 |   4328 |     62 |   1156 |   2464 |   5 |  878.0 |
               +--------+--------+--------+--------+--------+-----+--------+

Top non-repeatable levels by time:
     D:3: 1228 daAuts
     D:1: 1149 daAuts
     D:2: 1091 daAuts
     D:4: 723 daAuts
     D:5: 197 daAuts
